 Dungeon Crawl Stone Soup version 0.30-a0-439-g9e77e4d916 (webtiles) character file.

Game seed: 9488318946601247892

427 Pooter the Shooter (level 6, -1/53 HPs)
             Began as a Minotaur Hunter on Dec 10, 2022.
             Slain by a gnoll
             ... wielding a +0 club
              (3 damage)
             ... on level 4 of the Dungeon.
             The game lasted 00:17:02 (2787 turns).

Pooter the Shooter (Minotaur Hunter)                Turns: 2787, Time: 00:17:03

Health: -1/53      AC: 11    Str: 18    XL:     6   Next: 65%
Magic:  5/5        EV:  7    Int:  6    God:
Gold:   199        SH:  0    Dex: 13    Spells: 5/5 levels left

rFire   + . .      SeeInvis .    a - +0 quarterstaff
rCold   . . .      Faith    .    (shield currently unavailable)
rNeg    . . .      Spirit   .    f - +1 chain mail
rPois   .          Reflect  .    (helmet restricted)
rElec   .          Harm     .    (no cloak)
rCorr   .          Rampage  .    d - +0 pair of gloves
Will    .....                    c - +0 pair of boots
Stlth   ..........               (no amulet)
HPRegen 0.28/turn                F - ring of protection from fire
MPRegen 0.09/turn                (no ring)

@: no status effects
A: horns 2, retaliatory headbutt
a: no special abilities


You were on level 4 of the Dungeon.
You visited 1 branch of the dungeon, and saw 4 of its levels.

You collected 199 gold pieces.

Inventory:

Hand Weapons
 a - a +0 quarterstaff (weapon)
   (You found it on level 3 of the Dungeon)
 b - a +0 shortbow
 j - a +1 dagger of electrocution
   (You took it off a goblin on level 1 of the Dungeon)
 u - a +2 spear of flaming
   (You found it on level 2 of the Dungeon)
 v - a +0 sling
   (You found it on level 4 of the Dungeon)
Missiles
 p - 4 poisoned darts
 Q - 20 stones (quivered)
Armour
 c - a +0 pair of boots (worn)
   (You found it on level 1 of the Dungeon)
 d - a +0 pair of gloves (worn)
   (You found it on level 1 of the Dungeon)
 f - a +1 chain mail (worn)
   (You found it on level 1 of the Dungeon)
Jewellery
 F - a ring of protection from fire (left hand)
   (You found it on level 3 of the Dungeon)
Scrolls
 e - 4 scrolls of immolation {!r}
 g - a scroll of magic mapping
 h - a scroll of butterflies {unknown}
 o - a scroll of vulnerability {unknown}
 r - a scroll of teleportation {unknown}
 s - 3 scrolls of amnesia
 t - 2 scrolls of summoning {unknown}
Potions
 i - a potion of attraction {unknown}
 k - a potion of mutation {unknown}
 l - 2 potions of heal wounds {unknown}
 m - 3 potions of curing {unknown}
 n - 2 potions of might {unknown}
 q - a potion of invisibility {unknown}
 w - a potion of brilliance {unknown}


   Skills:
 + Level 4.4 Fighting
 + Level 2.7 Polearms
 * Level 6.7 Ranged Weapons
 - Level 2.1 Dodging
 + Level 2.9 Stealth


You had 5 spell levels left.
You didn't know any spells.
Your spell library contained the following spells:

 Spells                   Type           Power      Damage    Failure   Level
 Ensorcelled Hibernation  Hex/Ice        0%         N/A       100%        2
 Passwall                 Tmut/Erth      0%         N/A       100%        2
 Inner Flame              Hex/Fire       0%         N/A       100%        3
 Swiftness                Air            0%         N/A       100%        3
 Cause Fear               Hex            0%         N/A       100%        4
 Discord                  Hex            0%         N/A       100%        8


Dungeon Overview and Level Annotations

Branches:
Dungeon (4/15)
 Temple: D:4-7

Altars:


Innate Abilities, Weirdness & Mutations

You have a pair of horns on your head.
You reflexively headbutt those who attack you in melee.


Message History

A gnoll comes into view. It is wielding a +0 flail.
The gnoll barely misses you. The iguana bites you.
a - a +0 quarterstaff (weapon)
You hit the iguana.
You kill the iguana!
The gnoll hits you with a +2 vorpal flail. x2
The gnoll barely misses you.
You hit the gnoll but do no damage. The gnoll hits you but does no damage.
The gnoll hits you with a +0 club.
You are too injured to fight recklessly!
You closely miss the gnoll.
The gnoll hits you with a +2 vorpal flail.
* * * LOW HITPOINT WARNING * * *
* * * LOW HITPOINT WARNING * * *
The gnoll hits you but does no damage.
You hit the gnoll.
You kill the gnoll!
The gnoll hits you but does no damage.
You barely miss the gnoll. The hobgoblin barely misses you.
The hobgoblin hits you but does no damage.
You barely miss the gnoll. The hobgoblin closely misses you.
You barely miss the gnoll. The gnoll hits you with a +0 flail.
* * * LOW HITPOINT WARNING * * *
The hobgoblin hits you.
* * * LOW HITPOINT WARNING * * *
The gnoll hits you but does no damage.
Unknown command.
You sock the gnoll! The gnoll hits you but does no damage.
The hobgoblin hits you.
* * * LOW HITPOINT WARNING * * *
The gnoll hits you with a +0 flail.
* * * LOW HITPOINT WARNING * * *
The gnoll closely misses you.
You hit the gnoll.
You kill the gnoll!
The gnoll hits you with a +0 flail.
* * * LOW HITPOINT WARNING * * *
The gnoll hits you but does no damage. The hobgoblin hits you.
* * * LOW HITPOINT WARNING * * *
The gnoll barely misses you.
The hobgoblin hits you but does no damage.
The gnoll barely misses you.
You closely miss the gnoll. Your headbutt misses the gnoll.
The gnoll hits you with a +0 club.
* * * LOW HITPOINT WARNING * * *
The hobgoblin hits you.
* * * LOW HITPOINT WARNING * * *
The gnoll closely misses you. You furiously retaliate!
You headbutt the gnoll. You completely miss the gnoll.
The gnoll hits you with a +0 club.
You die...

#..........##......'.
#..........##......##
#..........##......#
#...........########
####..........##
.............##
........#....#
......g.#....#
......)@#....#
......gg#....#
........######
........# ........#
........# ........#
#####....


You could see 2 gnolls and a hobgoblin.

Vanquished Creatures
  A sky beast (D:4)
  A jelly (D:4)
  Jessica (D:3)
  3 iguanas
  An orc wizard (D:3)
  2 gnolls (D:4)
  6 adders
  2 worms
  4 dart slugs
  14 ball pythons
  11 endoplasms
  7 giant cockroaches
  8 goblins
  8 hobgoblins
  A quokka (D:3)
  6 bats
  3 frilled lizards
  7 kobolds
  6 rats
92 creatures vanquished.

Notes
Turn   | Place    | Note
-------+----------+-------------------------------------------
     0 | D:1      | Pooter the Minotaur Hunter began the quest for the Orb.
     0 | D:1      | Reached XP level 1. HP: 18/18 MP: 0/0
   126 | D:1      | Reached skill level 1 in Stealth
   191 | D:1      | Reached XP level 2. HP: 25/25 MP: 1/1
   676 | D:1      | Found a faded altar of an unknown god.
   837 | D:2      | Reached skill level 5 in Ranged Weapons
   837 | D:2      | Reached XP level 3. HP: 30/31 MP: 2/2
  1443 | D:3      | Reached XP level 4. HP: 32/38 MP: 3/3
  1608 | D:3      | Reached skill level 1 in Polearms
  1772 | D:3      | Noticed Jessica
  1777 | D:3      | Killed Jessica
  1935 | D:3      | Reached XP level 5. HP: 45/45 MP: 4/4
  2197 | D:4      | Reached skill level 6 in Ranged Weapons
  2657 | D:4      | Noticed a sky beast
  2664 | D:4      | Reached XP level 6. HP: 52/52 MP: 5/5
  2680 | D:4      | Killed a sky beast
  2786 | D:4      | HP: 2/53 [hobgoblin (2)]
  2787 | D:4      | Slain by a gnoll

Illustrated notes

Levels and vault maps discovered:
D:1:      ncdulo_wetmaze, layout_loops_cross,
          hellmonk_ecumenical_altar_inner_sanctum
D:2:      layout_basic, minmay_tall_x
D:3:      minmay_razor_zed, layout_rooms, uniq_jessica
D:4:      layout_basic, minmay_temple_entry_drinking_statues,
          gammafunk_ghost_cemetery

Skill      XL: |  1  2  3  4  5 |
---------------+----------------+-----
Stealth        | 1 2 |  2.9
Fighting       | 3 4 |  4.4
Ranged Weapons | 5 6 |  6.7
Polearms       | 1 2 |  2.7
Dodging        | |  2.1

Action                   |  1- 3 |  4- 6 || total
-------------------------+-------+-------++-------
Melee: Dagger            |    26 |       ||    26
       Headbutt          |     5 |    11 ||    16
       Whip              |    12 |       ||    12
       Spear             |    19 |    63 ||    82
       Quarterstaff      |       |    40 ||    40
 Fire: Shortbow          |    55 |    49 ||   104
  Use: Scroll            |     3 |     1 ||     4
Armor: Chain mail        |    39 |    72 ||   111
Dodge: Dodged            |    25 |    44 ||    69

Table legend: (Time is in decaauts)
 A = Elapsed time spent in this place.
 B = Non-inter-level travel time spent in this place.
 C = Inter-level travel time spent in this place.
 D = Time resting spent in this place.
 E = Time spent auto-exploring this place.
 F = Levels seen in this place.
 G = Mean time per level.
                   A        B        C        D        E       F      G
               +--------+--------+--------+--------+--------+-----+--------+
         Total |   2857 |   2747 |    110 |    190 |   1882 |   4 |  714.2 |
       Dungeon |   2857 |   2747 |    110 |    190 |   1882 |   4 |  714.2 |
               +--------+--------+--------+--------+--------+-----+--------+

Top non-repeatable levels by time:
     D:1: 804 daAuts
     D:3: 787 daAuts
     D:2: 663 daAuts
     D:4: 602 daAuts
